 Dungeon Crawl Stone Soup version 0.17.0-28-g6e173f8 (webtiles) character file.

120 gorblad the Skirmisher (level 4, -4/44 HPs)
             Began as a Draconian Chaos Knight on Nov 30, 2015.
             Killed by nerve-wracking pain
             ... invoked by an orc priest
             ... summoned by a worldbinder
              (9 damage)
             ... on level 1 of the Abyss on Dec 1, 2015.
             The game lasted 00:07:12 (2566 turns).

gorblad the Skirmisher (Draconian Chaos Knight)     Turns: 2566, Time: 00:07:12

Health: -4/44      AC:  7    Str: 15    XL:     4   Next: 75%
Magic:  4/4        EV: 12    Int: 12    God:    Xom [*.....]
Gold:   189        SH:  0    Dex: 11    Spells: 0 memorised, 3 levels left

rFire  . . .     SeeInvis .     a - +0 hand axe (chaos)
rCold  . . .     Clarity  .     (armour unavailable)
rNeg   . . .     SustAt   .     (no shield)
rPois  .         Gourm    .     (helmet restricted)
rElec  .         Spirit   .     f - +0 cloak
rCorr  .         Warding  .     j - +0 pair of gloves
rMut   .         Stasis   .     (no boots)
MR     .....                    (no amulet)
Stlth  +.........               (no ring)
                                (no ring)

@: not resistant to hostile enchantments, very unstealthy
A: unfitting armour, cold-blooded, AC +5
a: Renounce Religion


You were on level 1 of the Abyss.
You worshipped Xom.
You were a special plaything of Xom.
You were not hungry.

You visited 1 branch of the dungeon, and saw 4 of its levels.
You visited the Abyss 1 time.

You collected 189 gold pieces.

Inventory:

Hand Weapons
 a - a +0 hand axe of chaos (weapon)
Armour
 f - a +0 cloak (worn)
 j - a +0 pair of gloves (worn)
Jewellery
 h - an uncursed amulet of resist corrosion {unknown}
 l - an uncursed ring of protection from magic {unknown}
 q - an uncursed amulet of faith {unknown}
 t - an uncursed amulet of faith {unknown}
Wands
 c - a wand of flame (19)
 o - a wand of enslavement (13)
Scrolls
 d - 6 scrolls of identify {unknown}
 e - 3 scrolls of immolation {unknown}
 g - 3 scrolls of remove curse {unknown}
 k - a scroll of fear {unknown}
 x - a scroll of enchant weapon {unknown}
Potions
 m - 2 potions of curing {unknown}
 n - 2 potions of lignification {unknown}
 r - 2 potions of agility {unknown}
 w - a potion of resistance {unknown}
 z - a potion of haste {unknown}
Books
 p - a book of Spatial Translocations

   Spells                             Type                      Level
   a - Apportation                    Translocation                1
   b - Blink                          Translocation                2
   c - Shroud of Golubria             Charms/Translocation         2
   d - Portal Projectile              Translocation                3
   e - Teleport Other                 Translocation                3
   f - Passage of Golubria            Translocation                4
 u - a book of Geomancy

   Spells                             Type                      Level
   a - Sandblast                      Earth                        1
   b - Stoneskin                      Transmutation/Earth          2
   c - Passwall                       Transmutation/Earth          3
   d - Stone Arrow                    Conjuration/Earth            3
   e - Petrify                        Transmutation/Earth          4
   f - Lee's Rapid Deconstruction     Earth                        5
Comestibles
 b - a bread ration
 i - 3 meat rations
 s - 2 beef jerkies
 v - 2 fruits


   Skills:
 + Level 6.1 Fighting
 - Level 3.0 Axes
 - Level 2.1 Dodging


You had 3 spell levels left.
You didn't know any spells.

Dungeon Overview and Level Annotations

Branches:
Dungeon (4/15)
 Temple: D:4-7

Altars:
Elyvilon
Nemelex Xobeh
Vehumet
Zin
The Shining One


Innate Abilities, Weirdness & Mutations

Your plain brown scales are hard (AC +5).
Your body does not fit into most forms of armour.
You are cold-blooded and may be slowed by cold attacks.


Message History

You hit the worldbinder but do no damage.
The orc priest is no longer moving slowly.
The worldbinder barely misses you. The worldbinder hits you.
The orc priest hits you but does no damage.
The orc priest hits you with a club!
The orc warrior hits you from afar with a halberd.
The worldbinder hits you.
* * * LOW HITPOINT WARNING * * *
The worldbinder barely misses you.
You are too injured to fight recklessly!
The orc priest hits you with a hand axe.
* * * LOW HITPOINT WARNING * * *
The orc priest closely misses you.
The orc priest disappears in a puff of smoke!
The worldbinder calls forth creatures from the Orcish Mines!
The orc priest shouts!
The orc priest mumbles some strange prayers to Beogh against you.
Pain shoots through your body!
You die...
Xom chortles!

# #. ## ###.## ..#
...... #.# .#
....######.#...# .
#...#.o.....# .
..###...#.#@#.###
. .......o....# #.
###...#.o##.# . ..
##.......#..# .
.)#......##..#(
#.........#.#.. #
#...... . .#..
#..#........###..#
. ....#...[ ... #


You could see an orc warrior and 2 orc priests.

Vanquished Creatures
  Jessica (D:2)
  3 adders
  A white imp (Abyss:1)
  3 worms
  A ball python (D:3)
  5 bats
  6 goblins
  3 hobgoblins
  4 jackals (D:1)
  2 quokkas
  2 giant geckos
  A giant gecko skeleton (D:4)
  3 giant newts
  9 kobolds
  A quokka skeleton (D:3)
  9 rats
54 creatures vanquished.

Notes
Turn   | Place    | Note
--------------------------------------------------------------
     0 | D:1      | gorblad the Draconian Chaos Knight began the quest for the Orb.
     0 | D:1      | Reached XP level 1. HP: 19/19 MP: 1/1
   216 | D:1      | Reached XP level 2. HP: 27/27 MP: 2/2
   242 | D:1      | Reached skill level 4 in Fighting
   479 | D:1      | XOM: divination: magic mapping
   533 | D:1      | XOM: potion effect (agility)
   736 | D:2      | XOM: colour smoke trail
   746 | D:2      | Reached XP level 3. HP: 34/34 MP: 3/3
   754 | D:2      | Found a sparkling altar of Nemelex Xobeh.
   754 | D:2      | Noticed Jessica
   761 | D:2      | Killed Jessica
   761 | D:2      | Reached skill level 5 in Fighting
   986 | D:2      | XOM: harmless Air miscast
  1057 | D:2      | Reached XP level 4. HP: 36/42 MP: 4/4
  1165 | D:2      | XOM: harmless Divn miscast
  1446 | D:2      | XOM: mild Conj miscast
  1490 | D:3      | Found a radiant altar of Vehumet.
  1713 | D:3      | Found a white marble altar of Elyvilon.
  1720 | D:3      | Found a glowing silver altar of Zin.
  1721 | D:3      | Found a glowing golden altar of the Shining One.
  1775 | D:3      | XOM: mild Hex miscast
  2380 | D:4      | XOM: silly message
  2523 | D:4      | XOM: mild Summ miscast
  2524 | D:4      | Noticed a spatial vortex
  2525 | D:4      | Reached skill level 6 in Fighting
  2526 | D:4      | Cast into the Abyss (spatial vortex)
  2556 | Abyss:1  | Noticed a worldbinder
  2558 | Abyss:1  | XOM: divination: magic mapping
  2561 | Abyss:1  | Noticed an orc warrior
  2566 | Abyss:1  | Killed from afar by an orc priest

Action                   |  1- 3 |  4- 6 || total
-------------------------+-------+-------++-------
Melee: Hand axe          |    70 |    86 ||   156
 Stab: Sleeping          |     2 |     1 ||     3
       Distracted        |       |     1 ||     1
  Eat: Chunk             |       |     5 ||     5
